AoeStats
← zNyk

Arabia

508602249Analyzed
1v1 RM · 10d ago on Sep 23, 2026· 71m 32s· 2 players
Game mode
Random Map
Map size
Tiny (2 player)
Population
200
Speed
Normal
Resources
Standard
Victory
Conquest
Starting age
Dark Age
Ending age
Imperial Age
RankedLock teamsTeams togetherTeam positionsShared explorationLock speedFull tech treeHidden civsTurbo modeCheats
Victory
Defeat
🇷🇴 Shu · Romania
1223
+16
🇻🇳 Britons · Vietnam
1216
-16
kazushitachie
1:28 Loom
9:52 Feudal Age
10:25 Double-Bit Axe
11:25 Horse Collar
14:08 Fletching
20:04 Wheelbarrow
20:21 Padded Archer Armor
25:20 Castle Age
24:34 Town Watch
24:41 Gold Mining
24:41 Stone Mining
25:28 Crossbowman
26:04 Bodkin Arrow
31:04 Leather Archer Armor
31:35 Ballistics
34:55 Imperial Age
35:05 Arbalester
37:39 Bracer
38:49 Chemistry
40:49 Pikeman
41:31 Squires
43:49 Conscription
44:09 Elite Longbowman
50:11 Yeomen
50:12 Leather Archer Armor
52:29 Warwolf
54:20 Hand Cart
54:17 Bow Saw
54:42 Gold Shaft Mining
55:28 Murder Holes
58:01 Ring Archer Armor
64:36 Halberdier
zNyk
9:57 Feudal Age
10:03 Loom
11:32 Double-Bit Axe
11:32 Horse Collar
16:07 Forging
16:03 Scale Barding Armor
16:17 Forging
21:18 Castle Age
19:39 Padded Archer Armor
19:53 Fletching
23:12 Bodkin Arrow
23:32 Leather Archer Armor
23:27 Thumb Ring
24:57 Wheelbarrow
24:23 Crossbowman
28:20 Elite Skirmisher
31:20 Heavy Plow
35:29 Imperial Age
33:49 Hand Cart
33:19 Town Watch
36:07 Husbandry
36:28 Chain Barding Armor
37:23 Bow Saw
37:29 Masonry
37:39 Ballistics
36:46 Heavy Hei Guang Cavalry
38:34 Plate Barding Armor
44:05 Two-Man Saw
45:08 Conscription
59:06 Light Cavalry
Connection lost

Rejoining the realm…

Still unreachable

The connection could not be restored.

Session expired

The server has moved on; the page needs a fresh start.